Map: 세룰리안 폴 - 래더

Players

TYTY (TY)

  • Race: Terran Terran
  • League: Master
  • Spawn Location: 1:00

Classic - Winner!

  • Race: Protoss Protoss
  • League: Master
  • Spawn Location: 7:00

Event: IEM Season 13 - Katowice Server Qualifiers Asia 1

VOD

Have the link to the VOD?

Description

Time

  • Played on: Jan. 14, 2019, 6:03 a.m.
  • Length: 6:00

All games in this series

Show
View Real Time Build Order
Export as new Build Order

TYTY Terran 

Build Orders:  

Get SALT Encoding   

  12  0:00  SCV  
  13  0:12  SCV  
  14  0:18  Supply Depot  
  14  0:24  SCV  
  15  0:40  SCV  
  15  0:41  Barracks  
  16  0:44  Refinery  
  16  0:52  SCV  
  18  1:04  SCV  
  18  1:16  SCV  
  19  1:28  Marine  
  19  1:29  Orbital Command  
  20  1:49  Command Center  
  20  1:50  Barracks Reactor  
  20  1:56  SCV  
  20  1:57  Supply Depot  
  21  2:07  Factory  
  21  2:10  SCV  
  22  2:16  Refinery  
  22  2:22  SCV  
  23  2:25  Marine  
  23  2:26  Marine  
  25  2:34  SCV  
  26  2:43  Marine x2  
  28  2:46  SCV  
  29  2:54  Factory Tech Lab  
  29  2:56  Starport  
  28  2:58  SCV  
  28  3:01  Marine x2  
  28  3:04  Orbital Command  
  30  3:15  Cyclone  
  30  3:19  Marine  
  32  3:21  Marine  
  32  3:25  SCV  
  32  3:30  SCV  
  33  3:36  Marine, Starport Tech Lab  
  33  3:40  SCV  
  35  3:44  SCV  
  35  3:47  Siege Tank  
  39  3:52  Marine  
  39  3:55  Supply Depot  
  42  3:57  Banshee  
  42  3:59  SCV  
  42  4:01  Marine  
  45  4:04  SCV  
  46  4:10  Supply Depot  
  46  4:16  Marine  
  47  4:19  SCV, Siege Tank  
  47  4:21  Marine, Supply Depot  
  52  4:27  Engineering Bay  
  52  4:28  SCV  
  53  4:34  Marine  
  53  4:35  SCV  
  55  4:39  Marine  
  55  4:40  Banshee  
  55  4:47  SCV  
  55  4:52  Marine  
  56  4:54  Cyclone  
  56  4:56  Marine, Missile Turret  
  56  4:57  Missile Turret  
  56  4:59  SCV  
  60  5:04  SCV  
  61  5:10  Marine  
  62  5:16  SCV  
  62  5:19  Marine  
  62  5:20  Supply Depot  
  64  5:23  SCV  
  70  5:41  Marine  
  70  5:42  Marine, SCV  
Show
View Real Time Build Order
Export as new Build Order

Classic Protoss - Winner!

Build Orders: 1 Gate Expand, Oracle Opening 

Get SALT Encoding   

  12  0:00  Probe  
  13  0:12  Probe  
  14  0:19  Pylon  
  14  0:24  Probe  
  15  0:34  Probe  
  15  0:38  Gateway  
  15  0:42  Probe  
  16  0:47  Assimilator  
  17  0:51  Probe  
  18  1:03  Probe  
  19  1:15  Probe  
  20  1:26  Cybernetics Core  
  20  1:36  Nexus  
  20  1:42  Pylon  
  20  1:45  Probe  
  21  1:51  Assimilator  
  21  1:53  Adept  
  20  1:57  Probe  
  23  2:09  Probe  
  23  2:11  Adept  
  24  2:21  Probe  
  27  2:25  Stargate  
  27  2:33  Probe  
  27  2:36  Adept  
  28  2:39  Warp Gate  
  30  2:45  Probe  
  30  2:50  Probe  
  31  2:57  Probe  
  33  2:59  Probe  
  34  3:06  Oracle  
  34  3:08  Probe  
  34  3:09  Probe  
  39  3:20  Probe  
  39  3:21  Probe  
  37  3:31  Gateway  
  37  3:32  Probe, Gateway  
  37  3:33  Probe  
  39  3:35  Oracle  
  39  3:44  Probe  
  39  3:45  Pylon  
  39  3:46  Probe  
  44  3:52  Assimilator  
  44  3:54  Assimilator  
  44  3:56  Probe  
  44  3:58  Probe  
  44  3:59  Pylon  
  44  4:01  Oracle  
  46  4:13  Probe x2  
  51  4:21  Pylon  
  51  4:25  Probe x2  
  53  4:34  Phoenix  
  53  4:36  Nexus  
  52  4:48  Oracle, Shield Battery  
  52  4:51  Shield Battery  
  52  4:58  Probe, Pylon  
  57  5:04  Stalker  
  57  5:06  Stalker  
  61  5:08  Stalker  
  62  5:19  Oracle  
  65  5:32  Stalker  
  65  5:33  Stalker x2  
  71  5:44  Probe x2  
  66  5:57  Stalker x3  

Tags
 
Add a new tag
Caveats
  • Supply blocks, unpowered buildings, or Contaminate may cause inaccurate times.
  • Supply counts are checked every 10 seconds.